AoeStats
← Fantasee

Arena

509075071Analyzed
4v4 RM · 7d ago on Sep 25, 2026· 34m 2s· 8 players
Game mode
Random Map
Map size
Large (8 player)
Population
200
Speed
Normal
Resources
Standard
Victory
Conquest
Starting age
Dark Age
Ending age
Imperial Age
RankedLock teamsTeams togetherTeam positionsShared explorationLock speedFull tech treeHidden civsTurbo modeCheats
Victory
Defeat
🇮🇳 Dravidians · India
1337
+13
🇦🇷 Slavs · Argentina
1299
+14
🇪🇸 Japanese · Spain
1209
+18
🇹🇼 Magyars · Taiwan
1188
+19
🇳🇿 Varangians · New Zealand
1327
-20
🇳🇿 Danes · New Zealand
1269
-16
🇳🇿 Britons · New Zealand
1215
-14
🇧🇷 Hindustanis · Brazil
1207
-14
Fantasee
10:40 Feudal Age
14:35 Castle Age
12:45 Double-Bit Axe
12:47 Horse Collar
15:49 Bow Saw
15:40 Heavy Plow
16:32 Loom
16:53 Loom
22:28 Wheelbarrow
23:38 Hand Cart
24:55 Gold Mining
26:09 Scale Mail Armor
26:52 Gold Shaft Mining
27:46 Chain Mail Armor
27:41 Forging
31:30 Imperial Age
29:45 Squires
30:33 Iron Casting
30:00 Pikeman
32:29 Elite Varangian Guard
33:46 Conscription
32:48 Hamask
34:02 Plate Mail Armor
34:32 Blast Furnace
Onizuka
10:12 Feudal Age
11:41 Double-Bit Axe
14:49 Castle Age
13:07 Stone Mining
13:24 Loom
18:06 Bow Saw
24:33 Scale Mail Armor
27:08 Horse Collar
30:10 Imperial Age
28:47 Wheelbarrow
27:57 Town Watch
28:33 Gold Mining
29:19 Stone Shaft Mining
28:37 Pikeman
29:54 Fletching
30:04 Padded Archer Armor
30:16 Forging
Scalene Triangle
11:03 Feudal Age
14:33 Castle Age
12:44 Double-Bit Axe
12:40 Horse Collar
15:27 Bow Saw
16:07 Loom
18:05 Heavy Plow
20:31 Wheelbarrow
22:50 Hand Cart
28:56 Imperial Age
26:34 Scale Barding Armor
26:40 Bloodlines
26:30 Husbandry
27:01 Forging
27:54 Chain Barding Armor
28:04 Vendel Legacy
30:19 Iron Casting
29:09 Cavalier
31:00 Plate Barding Armor
31:25 Conscription
33:24 Blast Furnace
33:44 Padded Archer Armor
33:34 Fletching
34:09 Ballistics
LinKenZ
11:01 Feudal Age
15:09 Castle Age
13:14 Horse Collar
13:43 Double-Bit Axe
18:11 Bow Saw
18:03 Heavy Plow
20:09 Stone Mining
20:53 Crossbowman
22:06 Fletching
22:43 Bodkin Arrow
27:39 Loom
IkerJura23783
10:55 Feudal Age
11:37 Double-Bit Axe
13:09 Loom
15:49 Castle Age
13:45 Stone Mining
14:37 Scale Mail Armor
15:51 Forging
16:54 Bow Saw
18:46 Gold Mining
19:15 Chain Mail Armor
20:06 Gold Shaft Mining
23:27 Horse Collar
25:14 Squires
26:39 Iron Casting
25:53 Arson
26:44 Iron Casting
33:09 Murder Holes
33:18 Fletching
elnegrovisioso
10:29 Feudal Age
11:35 Loom
14:18 Castle Age
12:11 Double-Bit Axe
16:58 Bow Saw
19:55 Horse Collar
21:20 Town Watch
21:49 Gold Mining
23:33 Wheelbarrow
23:47 Wheelbarrow
24:36 Light Cavalry
26:00 Hand Cart
29:32 Imperial Age
27:57 Stone Mining
28:44 Gold Shaft Mining
28:19 Heavy Plow
30:44 Man-at-Arms
31:27 Squires
31:34 Scale Mail Armor
31:45 Forging
31:21 Pikeman
33:31 Two-Man Saw
32:02 Long Swordsman
32:03 Halberdier
33:43 Conscription
33:27 Druzhina
33:48 Chain Mail Armor
34:09 Iron Casting
33:56 Siege Engineers
popo770723
10:42 Feudal Age
14:47 Castle Age
13:10 Horse Collar
13:17 Double-Bit Axe
15:42 Heavy Plow
16:29 Bow Saw
21:58 Stone Mining
22:01 Gold Mining
23:58 Gold Shaft Mining
24:16 Wheelbarrow
26:06 Loom
26:53 Hand Cart
29:28 Imperial Age
26:55 Fletching
27:05 Padded Archer Armor
27:28 Ballistics
26:57 Town Watch
27:49 Treadmill Crane
28:32 Bodkin Arrow
28:52 Leather Archer Armor
29:08 Town Patrol
29:53 Thumb Ring
30:03 Bloodlines
29:53 Husbandry
29:31 Heavy Cavalry Archer
30:37 Parthian Tactics
30:43 Parthian Tactics
31:27 Conscription
31:09 Recurve Bow
31:11 Corvinian Army
31:48 Ring Archer Armor
32:32 Chemistry
33:09 Bracer
snek_fan
9:41 Feudal Age
13:36 Castle Age
12:00 Double-Bit Axe
12:03 Horse Collar
21:01 Wheelbarrow
20:13 Loom
21:59 Fletching
22:11 Stone Mining
22:58 Gold Mining
24:25 Thumb Ring
24:34 Bodkin Arrow
25:53 Padded Archer Armor
29:46 Ballistics
31:14 Leather Archer Armor
31:25 Masonry
35:00 Imperial Age
32:54 Town Watch
Connection lost

Rejoining the realm…

Still unreachable

The connection could not be restored.

Session expired

The server has moved on; the page needs a fresh start.